 Dungeon Crawl Stone Soup version 0.21-a0-437-ge5bf024 (webtiles) character file.

875 karf the Cleaver (level 7, -7/57 HPs)
             Began as a Minotaur Berserker on Nov 9, 2017.
             Was a Priest of Trog.
             Killed by divine providence
             ... invoked by an orc priest
              (15 damage)
             ... on level 4 of the Dungeon.
             The game lasted 00:09:44 (3201 turns).

karf the Cleaver (Minotaur Berserker)               Turns: 3201, Time: 00:09:45

Health: -7/57      AC: 11    Str: 22    XL:     7   Next: 74%
Magic:  6/6        EV: 12    Int:  4    God:    Trog [***...]
Gold:   166        SH:  0    Dex: 11    Spells: 6/6 levels left

rFire    . . .     SeeInvis +   a - +0 hand axe
rCold    . . .     Gourm    .   (no shield)
rNeg     . . .     Faith    .   n - +0 plate armour
rPois    .         Spirit   .   (helmet restricted)
rElec    .         Reflect  .   (no cloak)
rCorr    .         Harm     +   (no gloves)
MR       .....                  (no boots)
Stlth    ..........             u - amulet of harm
HPRegen  0.19/turn              h - +5 ring of evasion
MPRegen  0.10/turn              m - ring of see invisible

@: no status effects
A: retaliatory headbutt, horns 2
a: Berserk, Trog's Hand, Burn Spellbooks, Renounce Religion


You were on level 4 of the Dungeon.
You worshipped Trog.
Trog was most pleased with you.
You were not hungry.

You visited 1 branch of the dungeon, and saw 4 of its levels.

You collected 166 gold pieces.

Inventory:

Hand Weapons
 a - a +0 hand axe (weapon)
 t - a +0 war axe
Missiles
 j - 4 poisoned tomahawks (quivered)
Armour
 n - a +0 plate armour (worn)
Jewellery
 h - a +5 ring of evasion (left hand)
 l - an uncursed ring of flight
 m - a ring of see invisible (right hand)
 u - an amulet of harm (around neck)
Scrolls
 f - a scroll of recharging
 q - a scroll of remove curse
 r - a scroll of magic mapping {unknown}
 s - a scroll of identify
Potions
 b - a potion of curing {unknown}
 d - a potion of lignification {unknown}
 e - a potion of cancellation {unknown}
 g - 2 potions of agility {unknown}
 i - 2 potions of flight
 k - 2 potions of haste {unknown}
 o - a potion of mutation {unknown}
Comestibles
 c - 2 bread rations
 p - 5 royal jellies


   Skills:
 - Level 3.6 Fighting
 * Level 11.0 Axes
 - Level 2.4 Armour
 - Level 2.1 Dodging


You had 6 spell levels left.
You didn't know any spells.

Dungeon Overview and Level Annotations

Branches:
Dungeon (4/15)             Temple (0/1) D:4

Altars:
Ashenzari


Innate Abilities, Weirdness & Mutations

You reflexively headbutt those who attack you in melee.
You have a pair of horns on your head.


Message History

You closely miss the orc warrior. Your headbutt misses the orc warrior.
The orc warrior is moderately wounded.
You hit the orc warrior but do no damage.
Your headbutt misses the orc warrior.
The orc warrior is moderately wounded.
The orc warrior completely misses you.
Your plate armour prevents you from hitting the orc warrior.
You headbutt the orc warrior!
The orc warrior is severely wounded.
The orc warrior closely misses you.
You closely miss the orc warrior. Your headbutt misses the orc warrior.
The orc warrior is severely wounded.
Your plate armour prevents you from hitting the orc warrior.
The orc warrior is severely wounded.
The orc warrior hits you with a scimitar!
* * * LOW HITPOINT WARNING * * *
Items here: )))) [[ †††††† The orc priest calls down the wrath of Beogh upon you.
Beogh smites you!
You die...

..# ... .. ).. ..#
#.# #.# ...# #.# ##
#.##.[..## #.#
#o###.....(.. #.#
#.#......###
#######.# ##)##...##
........#####o.#.#.#
#......@o.........
#......≈≈≈≈≈......#
#....≈≈≈≈≈≈≈≈≈....#
#..≈≈≈≈≈≈≈≈≈≈≈≈≈...
#.≈≈≈≈≈≈...≈≈≈≈≈≈.
#.≈≈≈≈≈≈.>.≈≈≈≈≈≈.
#.≈≈≈≈≈≈...≈≈≈≈≈≈.
#.###.≈≈≈≈≈≈≈≈≈≈≈≈≈≈≈
#.....≈≈≈≈≈≈≈≈≈


You could see an orc warrior and an orc priest.

Vanquished Creatures
  The ghost of zorance the Slasher, an amateur BaSk of Cheibriados (D:4)
  The ghost of zorance the Slasher, an amateur BaSk (D:3)
  2 scorpions
  A hound (D:4)
  An orc priest (D:3)
  A bullfrog skeleton (D:4)
  Jessica (D:3)
  2 orc wizards (D:4)
  2 worker ants
  4 adders
  3 gnolls (D:3)
  4 dart slugs
  2 worms (D:2)
  7 leopard geckos
  14 orcs
  A ball python (D:1)
  7 goblins
  5 hobgoblins
  9 jackals (D:2)
  4 bats
  4 frilled lizards
  A jackal skeleton (D:4)
  5 kobolds
  5 rats
87 creatures vanquished.

Vanquished Creatures (others)
  8 toadstools (D:4)
8 creatures vanquished.

Grand Total: 95 creatures vanquished

Notes
Turn   | Place    | Note
-------+----------+-------------------------------------------
     0 | D:1      | karf the Minotaur Berserker began the quest for the Orb.
     0 | D:1      | Reached XP level 1. HP: 19/19 MP: 0/0
   123 | D:1      | Reached skill level 4 in Axes
   194 | D:1      | Reached XP level 2. HP: 26/26 MP: 1/1
   585 | D:2      | Reached ** piety under Trog
   598 | D:2      | Reached skill level 5 in Axes
   605 | D:2      | Reached XP level 3. HP: 21/31 MP: 2/2
  1309 | D:3      | Noticed Jessica
  1315 | D:3      | Reached XP level 4. HP: 37/39 MP: 3/3
  1316 | D:3      | Killed Jessica
  1316 | D:3      | Reached skill level 6 in Axes
  1359 | D:3      | Found a shattered altar of Ashenzari.
  1396 | D:3      | Reached XP level 5. HP: 45/45 MP: 4/4
  1440 | D:3      | Reached skill level 7 in Axes
  1446 | D:3      | Noticed zorance's ghost (amateur BaSk)
  1484 | D:3      | Killed zorance's ghost
  1484 | D:3      | Reached skill level 8 in Axes
  1484 | D:3      | Reached XP level 6. HP: 51/51 MP: 5/5
  1965 | D:3      | Reached *** piety under Trog
  2199 | D:4      | Noticed zorance's ghost (amateur BaSk)
  2215 | D:3      | Reached skill level 9 in Axes
  2959 | D:4      | Killed zorance's ghost
  2959 | D:4      | Reached skill level 10 in Axes
  2959 | D:4      | Reached XP level 7. HP: 57/57 MP: 6/6
  3043 | D:4      | Found a staircase to the Ecumenical Temple.
  3166 | D:4      | Reached skill level 11 in Axes
  3201 | D:4      | Killed from afar by an orc priest

Vault maps used:
D:1:      giann_forest_graveyard
D:2:      first_bread
D:3:      evilmike_ruin_ashenzari, uniq_jessica
D:4:      cheibrodos_fertilizer, temple_pool_b, uniq_eustachio

Skill      XL: |  1  2  3  4  5  6  7 |
---------------+----------------------+-----
Axes           | 4 5 6 8 10 11 | 11.0
Fighting       | |  3.6
Armour         | |  2.4
Dodging        | |  2.1

Action                   |  1- 3 |  4- 6 |  7- 9 || total
-------------------------+-------+-------+-------++-------
Melee: Hand axe          |    93 |    97 |    59 ||   249
       Headbutt          |    12 |    26 |    12 ||    50
Throw: Tomahawk          |     5 |       |       ||     5
Invok: Berserk           |       |     2 |       ||     2
       Trog's Hand       |       |     2 |       ||     2
  Use: Scroll            |     3 |       |       ||     3
 Stab: Sleeping          |     1 |       |       ||     1
       Distracted        |       |       |     1 ||     1
  Eat: Chunk             |     1 |     5 |       ||     6
       Bread ration      |       |     1 |       ||     1
Armor: Animal skin       |     6 |       |       ||     6
       Plate armour      |     8 |    56 |     9 ||    73
       Ring mail         |     4 |       |       ||     4
Dodge: Dodged            |    65 |    53 |    23 ||   141

Table legend:
 A = Spawn XP
 B = Non-spawn XP
 C = Spawn XP percentage of total XP
 D = Spawn monster count
 E = Non-spawn monster count
 F = Spawn count percentage of total count
 G = Total turns spent on level
                    A         B        C        D         E        F      G
               +---------+---------+-------+---------+---------+-------+---------
         Total |       0 |    1251 |   0.0 |       0 |      87 |   0.0 |  3201
               +---------+---------+-------+---------+---------+-------+---------
           D:1 |       0 |      24 |   0.0 |       0 |      14 |   0.0 |   524
           D:2 |       0 |      70 |   0.0 |       0 |      26 |   0.0 |   785
           D:3 |       0 |     573 |   0.0 |       0 |      33 |   0.0 |  1603
           D:4 |       0 |     584 |   0.0 |       0 |      14 |   0.0 |   289
               +---------+---------+-------+---------+---------+-------+---------
